AoeStats
← BouTellis

Arena

505341839Analyzed
1v1 RM · 22d ago on Sep 8, 2026· 41m 46s· 2 players
Game mode
Random Map
Map size
Tiny (2 player)
Population
200
Speed
Normal
Resources
Standard
Victory
Conquest
Starting age
Dark Age
Ending age
Imperial Age
RankedLock teamsTeams togetherTeam positionsShared explorationLock speedFull tech treeHidden civsTurbo modeCheats
Victory
Defeat
🇩🇪 Mongols · Germany
936
+15
🇨🇴 Byzantines · Colombia
918
-15
Jejid
9:19 Feudal Age
7:35 Loom
9:49 Double-Bit Axe
14:58 Horse Collar
20:42 Castle Age
18:51 Gold Mining
21:49 Bow Saw
21:34 Stone Mining
23:07 Stone Shaft Mining
24:00 Wheelbarrow
24:39 Fletching
25:47 Heavy Plow
25:22 Elite Skirmisher
26:04 Padded Archer Armor
26:56 Bodkin Arrow
31:22 Hand Cart
32:00 Gold Shaft Mining
34:05 Imperial Age
32:04 Leather Archer Armor
33:23 Ballistics
32:45 Treadmill Crane
33:08 Husbandry
34:10 Thumb Ring
35:39 Conscription
35:49 Hand Cart
36:59 Ring Archer Armor
39:20 Hoardings
40:33 Bracer
BouTellis
9:56 Feudal Age
11:26 Double-Bit Axe
16:46 Castle Age
21:06 Wheelbarrow
21:34 Horse Collar
22:32 Bow Saw
23:39 Fletching
25:26 Loom
26:02 Gold Mining
27:49 Heavy Plow
27:47 Stone Mining
28:20 Hand Cart
32:44 Imperial Age
30:19 Bodkin Arrow
30:24 Padded Archer Armor
32:32 Leather Archer Armor
32:26 Scale Barding Armor
32:35 Bloodlines
32:26 Husbandry
31:51 Light Cavalry
32:51 Forging
34:13 Conscription
34:05 Bracer
34:54 Ballistics
35:35 Chemistry
35:52 Chain Barding Armor
36:20 Elite Mangudai
37:38 Hussar
38:58 Siege Engineers
41:00 Thumb Ring
41:21 Parthian Tactics
40:31 Onager
41:26 Capped Ram
Connection lost

Rejoining the realm…

Still unreachable

The connection could not be restored.

Session expired

The server has moved on; the page needs a fresh start.